[Event "Israel-ch Youth U8-18 2024"]
[Site "Kfar Saba"]
[Date "2024.04.19"]
[Round "6.5"]
[White "Ostrovsky Berman, Noam"]
[Black "Menahem, Adi"]
[Result "1/2-1/2"]
[ECO "B12"]
[WhiteElo "1990"]
[BlackElo "2112"]
[Annotator "TA"]
[PlyCount "75"]
[EventDate "2024.04.10"]
[EventType "swiss"]
[EventCountry "ISR"]
[SourceTitle "playchess.com"]
[Source "ChessBase"]
[SourceQuality "1"]
[TimeControl "5400+30"]

1. e4 c6 2. d4 d5 3. e5 Bf5 4. Nf3 e6 5. Be2 c5 6. c3 Nc6 7. O-O Bg4 8. Nbd2 cxd4 9. cxd4 Nge7 10. h3 Bxf3 11. Nxf3 Nc8 (11... Nf5 $14) 12. Be3 Be7 13. Ne1 Nb6 {[%emt 0:06:06] White is slightly better.} 14. b3 {[%emt 0:07:57] Prevents Nc4} O-O 15. Nd3 f5 (15... Ba3 $14) 16. f4 (16. exf6 $16 Rxf6 17. Bg4) 16... Nb4 (16... Ba3 $14) 17. Bd2 (17. Nc5 $16 {Strongly threatening Qd2.} Qc8 18. Qd2) 17... Nc6 18. Be3 (18. Bc3 $1 $14) 18... Nb4 $1 $16 19. Qd2 (19. Nc5 $16 Qc8 20. Qd2) 19... Nxd3 $14 20. Qxd3 Rc8 21. a4 a6 (21... Bb4 $11 22. Bd2 Qe7) 22. Rfc1 (22. Bd2 $14) 22... Qd7 23. Rxc8 Rxc8 24. Rc1 Ba3 25. Rc2 Rc6 26. Bd2 {[%emt 0:04:26] [#] Threatens to win with a5.} Be7 27. Kf2 Qc8 28. Rxc6 Qxc6 29. Qc3 Qxc3 30. Bxc3 $11 {[%emt 0:00:05][%mdl 4096] Endgame. KBB-KBN} Kf7 31. g4 g6 32. g5 Nd7 (32... Ba3 $11) 33. a5 ({Better is} 33. Ke1 $14) 33... Nb8 {[%emt 0:01:08][%cal Oh7h6] The position is equal.} 34. b4 Ke8 35. b5 Kd7 36. Ke3 Ba3 37. Kd2 Kc7 38. Kc2 {[%emt 0:01:28] Weighted Error Value: White=0.31/Black=0.22 (precise) .  Mistake:       	White=6     	Black=4      Inaccurate:     	White=6     	Black=2      OK:         	White=3     	Black=8      Strong:       	---       	Black=1} 1/2-1/2

[Event "Israel-ch Youth U8-18 2024"]
[Site "Kfar Saba"]
[Date "2024.04.19"]
[Round "6.6"]
[White "Brezis, Ari"]
[Black "Kirsch, Yahel David"]
[Result "1/2-1/2"]
[ECO "B07"]
[WhiteElo "1877"]
[BlackElo "1961"]
[Annotator "TA"]
[PlyCount "170"]
[EventDate "2024.04.10"]
[EventType "swiss"]
[EventCountry "ISR"]
[SourceTitle "playchess.com"]
[Source "ChessBase"]
[SourceQuality "1"]
[TimeControl "5400+30"]

1. d4 d6 2. e4 Nf6 3. f3 d5 4. e5 Nfd7 5. c3 c5 6. Be3 {[%emt 0:00:32] B07: Pirc Defence: Miscellaneous Systems.} cxd4 7. cxd4 Nc6 8. Nc3 Nb6 9. Bd3 $146 ({Predecessor:} 9. f4 a6 10. Bd3 Nb4 11. Bb1 Nc4 12. Bc1 Nc6 13. a3 g6 14. b3 Nb6 15. Be3 {½-½ Kortschnoj,V (2580)-Bezold,M (2456) Rilton Cup 33rd 2003 (5)}) 9... Nb4 10. Bb1 Nc4 11. Bc1 e6 12. Nge2 Bd7 13. a3 Nc6 14. b3 N4a5 15. Bc2 Rc8 16. Be3 f6 17. f4 Qb6 18. Bf2 f5 19. O-O Nd8 20. Be1 Be7 21. Rf3 Nf7 22. a4 (22. Bxf5 $1 $16 Rxc3 (22... exf5 $2 23. Nxd5 Qb5 24. Nxe7 $18)) 22... Nc6 {[%emt 0:00:00] [#]} (22... Bb4 $11 {keeps the balance.}) 23. a5 (23. Bxf5 $1 $16 {[%cal Oc3d5] Strongly threatening Nxd5!} exf5 24. Nxd5) 23... Qd8 $1 $11 24. a6 b6 25. Nb5 Ncxe5 $1 26. dxe5 Bxb5 27. Nd4 Bd7 (27... Bc5 $17 28. Rc3 Bxd4+ 29. Qxd4 O-O 30. Rxc8 Qxc8) 28. Bxf5 (28. b4 $15) 28... exf5 $17 29. e6 Nd6 30. exd7+ Qxd7 31. Bb4 Ne4 32. Bxe7 Kxe7 33. Qe1 Kf7 (33... g6 {is more complex.} 34. Rd3 Rhe8 35. Nf3 Qd6) 34. Rd1 Rhe8 35. Qb4 Rc5 36. Rfd3 Kg8 37. Nf3 Qc8 38. Ne5 (38. Rxd5 $17 Rxd5 (38... Qxa6 39. Rd8 $17) 39. Rxd5) 38... Qxa6 $19 39. Qd4 Nf6 40. Rg3 (40. h3 $17) 40... Ne4 $2 ({Black should try} 40... Qb5 $19 {...Rc2 would now be deadly.} 41. h3 Qe2) 41. Re3 $2 (41. Rgd3 $1 $11 {and White has nothing to worry.}) 41... Qa2 $19 42. Red3 Rd8 43. Nc4 b5 44. Ne3 Qf2+ 45. Kh1 Qxf4 46. Rf1 Qh4 47. Nxf5 {[%emt 0:00:18] [#]} Nf2+ (47... Qf6 $1 $17 {[%mdl 512] White must now prevent ...Qxd4.} 48. Rdf3 (48. Rdd1 Rd7) 48... h6 49. Qxf6 Nxf6 (49... gxf6 50. Nxh6+ Kh7 51. Ng4 $17) 50. Nxh6+ Kh7 (50... gxh6 51. Rxf6 Rd7 52. Kg1 $17)) 48. Kg1 $1 $15 (48. Qxf2 $2 Qxf2 49. Ne7+ Kh8 $19) 48... Qxd4 49. Rxd4 Ne4 50. b4 (50. Ne7+ $15 Kh8 51. b4) 50... Rc7 $19 51. Rfd1 (51. g3 {was called for.}) 51... g6 52. Ne3 Nc3 53. R1d2 (53. Nxd5 $17 Nxd1 54. Ne7+ Kf7 (54... Rxe7 55. Rxd8+ Kf7 56. Rxd1 $17) 55. Rxd8) 53... Re7 ({Black should play} 53... Re8 $19 54. R4d3 d4) 54. Nxd5 $17 {[%emt 0:01:02] [#]} Rxd5 (54... Ne2+ $1 $17 55. Kf2 Nxd4 56. Nxe7+ Kf7) 55. Rxd5 $15 Nxd5 56. Rxd5 Rb7 57. Kf2 Kf7 58. Rd6 Ke7 (58... Rc7 $17) 59. Ra6 $11 Kd7 60. Ke3 Kc8 61. Kd4 Rd7+ 62. Kc5 Kb7 63. Rf6 a6 64. Rb6+ Ka7 65. Rc6 Rb7 66. Rf6 Rc7+ 67. Kd5 Rd7+ 68. Kc5 Rc7+ 69. Kd5 Rb7 70. Kc5 a5 71. bxa5 b4 72. Rf2 Ka6 73. Rb2 Rb5+ (73... Kxa5 74. Ra2#) 74. Kc4 Kxa5 ({Don't play} 74... Rxa5 75. g3 $17) 75. Ra2+ Kb6 76. Rb2 Kc6 77. Rxb4 Rh5 78. h3 Rh4+ 79. Kc3 $2 (79. g4 $11) 79... Rxb4 80. Kxb4 Kd5 81. Kc3 Ke4 82. Kd2 h5 $2 (82... Kf4 {mates} 83. Ke1 Kg3 84. Kf1 Kh2 85. h4 Kg3 86. h5 g5 (86... gxh5 87. Kg1 $11) 87. Kg1 h6 88. Kh1 Kh4 89. Kh2 Kg4 90. Kg1 Kxh5 91. Kh1 Kg4 92. Kh2 h5 93. Kh1 Kg3 94. Kg1 h4 95. Kh1 h3 96. Kg1 g4 97. gxh3 Kxh3 98. Kf2 g3+ 99. Kf1 Kh2 100. Ke2 g2 101. Kd3 g1=Q (101... g1=B 102. Ke4 $11) 102. Kc4 Qg5 103. Kc3 Qc5+ 104. Kb3 Kg3 105. Ka4 Kf3 106. Kb3 Ke4 107. Ka4 Kd3 108. Kb3 Qb6+ 109. Ka3 Kc3 110. Ka4 Qb4#) 83. Ke2 $11 h4 84. Kf2 Kf4 85. Kg1 Kg3 1/2-1/2

[Event "Israel-ch Youth U8-18 2024"]
[Site "Kfar Saba"]
[Date "2024.04.19"]
[Round "6.7"]
[White "Afek, Itay"]
[Black "Taragan, Uri"]
[Result "1-0"]
[ECO "A07"]
[WhiteElo "1816"]
[BlackElo "1909"]
[Annotator "TA"]
[PlyCount "73"]
[EventDate "2024.04.10"]
[EventType "swiss"]
[EventCountry "ISR"]
[SourceTitle "playchess.com"]
[Source "ChessBase"]
[SourceQuality "1"]
[TimeControl "5400+30"]

1. Nf3 Nf6 2. g3 d5 3. Bg2 g6 4. O-O Bg7 5. d3 O-O 6. Nbd2 Re8 7. Re1 c5 8. e4 Nc6 9. a4 {[%emt 0:03:22] White has an edge.} b6 10. exd5 Nxd5 11. Nc4 Bb7 12. Nfe5 Nxe5 13. Nxe5 Qc7 14. Qe2 Rad8 15. a5 e6 16. axb6 Qxb6 (16... axb6 $11 {remains equal.} 17. Bd2 Ba8) 17. Nc4 {[%emt 0:04:44] White is more active.} Qb5 (17... Qc7 $16) 18. Rxa7 Ba6 19. Bg5 Rd7 20. Rxd7 Qxd7 21. Ne5 Qc7 {[%emt 0:02:31] [#] Black cannot hold the game after this.} (21... Qc8 $16 22. Ra1 Rf8) 22. Nxf7 $1 $18 Nb4 (22... Qxf7 23. Bxd5) 23. Nh6+ Kh8 24. Qe4 Nxc2 $2 {[%emt 0:01:03] [#]} (24... Bb5 25. Re2 Bxb2) 25. Qa4 $1 Rb8 26. Qxc2 (26. Rxe6 $142 Qc8 27. Rxa6 (27. Qxa6 Qxa6 28. Rxa6 Nb4 $18)) 26... Rxb2 27. Qa4 Qc8 {[%emt 0:00:23] Prevents Qe8+} 28. Nf7+ Kg8 29. Nd6 Qf8 30. Qf4 (30. Qxa6 $2 Qxf2+ 31. Kh1 Qxg2#) (30. Bf4 $142 Bxd3 31. Qd7 (31. Rxe6 Rb1+ $11)) 30... Bxd3 31. Bh3 ({Worse is} 31. Rxe6 Rb1+ $11) 31... Bf5 (31... Qxf4 $142 32. Bxe6+ (32. gxf4 h6 $18) (32. Bxf4 e5 $18) 32... Kh8 33. Bxf4 (33. gxf4 h6 $18) 33... Bd4) 32. Bxf5 gxf5 33. Rxe6 {[%emt 0:01:04][%cal Oe6e8] White threatens Re8! and mate.} Rb1+ 34. Kg2 {[%emt 0:00:09][%cal Oe6e8] Intending Re8! and mate.} Qa8+ 35. Kh3 {[%emt 0:01:28] White mates.} Qd5 36. Re8+ Bf8 37. Bh6 {[%emt 0:00:42] Weighted Error Value: White=0.54/Black=0.91.  Loses game:     	---       	Black=1      Mistake:       	---       	Black=4      Inaccurate:     	White=1     	Black=2      OK:         	White=7     	Black=6      Best:        	White=1     	---        Strong:       	White=1     	---        Brilliant:      	White=1     	---} 1-0

[Event "Israel-ch Youth U8-18 2024"]
[Site "Kfar Saba"]
[Date "2024.04.19"]
[Round "6.8"]
[White "Zakin, Ilay"]
[Black "Manyevich, Rom"]
[Result "1-0"]
[ECO "B11"]
[WhiteElo "2178"]
[BlackElo "1927"]
[Annotator "TA"]
[PlyCount "101"]
[EventDate "2024.04.10"]
[EventType "swiss"]
[EventCountry "ISR"]
[SourceTitle "playchess.com"]
[Source "ChessBase"]
[SourceQuality "1"]
[TimeControl "5400+30"]

1. e4 c6 2. Nc3 d5 3. Nf3 dxe4 4. Nxe4 Nf6 5. Qe2 Nxe4 6. Qxe4 Be6 7. Be2 Nd7 8. b3 Nf6 {[%emt 0:00:24] The position is equal.} 9. Qh4 Bf5 10. Ne5 (10. Bb2 $11) 10... e6 11. O-O Be7 {[%emt 0:04:43][%cal Of6g4] [#] Hoping for ...Ng4!} (11... Bxc2 12. d3 Nd5 13. Qc4 $16) 12. Qg3 O-O 13. d3 {[%emt 0:01:09][%cal Bd2d3,Bd3d4][%mdl 32] Wards off Ne4} Nd5 14. Bb2 {[%emt 0:01:43][%cal Oe5c6] Strongly threatening Nxc6!} Bf6 15. c4 Nb6 (15... Nb4 $11) 16. d4 {[%emt 0:02:10] White is more active.} a5 17. a4 Qc7 18. Ng4 $36 {[%emt 0:03:41][%mdl 2048] White has strong initiative.} Bd8 (18... Qd8 $142) 19. Nh6+ $16 Kh8 {[%emt 0:00:01] [#] And now ...Qxg3 would win.} 20. Nxf5 exf5 21. Qh3 Qf4 (21... Nd7 $16) 22. Bd3 (22. Rad1 $18) 22... Bf6 (22... g6 $142) 23. Qxf5 Qxf5 24. Bxf5 g6 25. Be4 Rad8 (25... Nd7 $142) 26. Rad1 Nc8 (26... Nd7 $16 {might work better.}) 27. Rd2 (27. Bc3 $18) 27... Nd6 28. Bf3 Nf5 29. Rfd1 Rfe8 30. g3 Kg7 31. Kg2 h5 32. Bc3 Rd7 33. Rd3 g5 $2 {[%emt 0:03:26] This move loses the game for Black.} (33... Ra8 $16 34. Kf1 Ne7) 34. Bxh5 $18 {[%emt 0:01:05][%cal Oh5g4] aiming for Bg4!} (34. Bxa5 g4 $11 (34... Nxd4 $2 {too greedy.} 35. Bxh5 Be5 36. Bb6 $18)) 34... Rd6 35. h3 ({Don't play} 35. Bxa5 Re4 36. d5 c5 $18) 35... b6 36. Bg4 Kg6 (36... Nh6 $142 37. Bf3 Nf5) 37. d5 {[%emt 0:01:27] Threatens to win with Rf3.} Bxc3 38. Rxc3 c5 39. Bxf5+ Kxf5 {[%emt 0:00:01][%mdl 4096] Endgame. KRR-KRR} 40. Rf3+ Kg6 41. Rdd3 Re1 42. Rde3 Rb1 43. Re8 Kg7 44. Rc8 g4 45. hxg4 Rh6 46. Rc7 Rhh1 47. Rd3 (47. Rfxf7+ $142 Kg6 48. Rfe7 (48. Rg7+ Kf6 $18) 48... Rhg1+ 49. Kf3 Rxg3+ 50. Kxg3 Rxb3+ 51. Kf4 Rf3+ 52. Kxf3 Kg5 53. Re5+ Kf6 54. Kf4 Kg6 55. Re6#) 47... Rhg1+ {[%emt 0:00:36] White is clearly winning.} 48. Kf3 Rb2 49. Re7 {[%emt 0:00:12] d6 is the strong threat.} Rf1 50. Re2 Rbb1 51. d6 {[%emt 0:00:12] Weighted Error Value: White=0.25 (precise) /Black=0.55.  Loses game:     	---       	Black=1      Mistake:       	White=3     	Black=7      Inaccurate:     	---       	Black=4      OK:         	White=11    	Black=9      Best:        	White=5     	Black=1} 1-0

[Event "Israel-ch Youth U8-18 2024"]
[Site "Kfar Saba"]
[Date "2024.04.19"]
[Round "6.9"]
[White "Sternfeld, Tomer"]
[Black "Berlad, Asaf"]
[Result "1-0"]
[ECO "A25"]
[WhiteElo "1866"]
[BlackElo "1900"]
[Annotator "TA"]
[PlyCount "65"]
[EventDate "2024.04.10"]
[EventType "swiss"]
[EventCountry "ISR"]
[SourceTitle "playchess.com"]
[Source "ChessBase"]
[SourceQuality "1"]
[TimeControl "5400+30"]

1. c4 e5 2. g3 Nc6 3. Bg2 f5 4. Nc3 Nf6 5. d3 Bb4 6. Bd2 O-O 7. Nd5 Bxd2+ 8. Qxd2 d6 9. e3 Ne7 {[%emt 0:05:39] The position is equal.} 10. Ne2 c6 11. Nxe7+ Qxe7 12. d4 Be6 13. Rc1 Bf7 14. O-O Ne4 15. Qc2 Bh5 16. Rce1 Bxe2 (16... Nf6 $11) 17. Rxe2 $14 Ng5 (17... Qe6 $14) 18. f4 $16 Nf7 19. fxe5 dxe5 20. Rxf5 Rad8 21. d5 {[%emt 0:03:42] White is more active.} Qc5 (21... c5 $16 22. Ref2 g6) 22. Qc3 Rfe8 (22... Nd6 $16 {was worth a try.} 23. Rxe5 Qxc4 24. Qxc4 Nxc4) 23. b4 {[%emt 0:01:24] Black is weak on the light squares} Qb6 {[%emt 0:00:48] [#]} (23... Qd6 24. dxc6 bxc6) 24. Rf1 $2 ({Don't take} 24. c5 Qc7 25. d6 Nxd6 26. cxd6 Qxd6 27. Qb3+ Kh8) (24. Ref2 Rd7 25. c5) 24... c5 $18 25. b5 Qh6 26. Qa3 Qb6 27. Ref2 Re7 (27... Nd6 $16) 28. Qc3 Qh6 29. Qa3 {[%emt 0:00:24] Hoping for d6.} Qb6 30. Qd3 Qh6 {[%emt 0:01:15] [#]} (30... Qd6 {might work better.} 31. Be4 Ng5) 31. d6 $1 Rxd6 32. Bd5 Rxd5 (32... Rf6 33. Rf5 Qg6) 33. Rxf7 {[%emt 0:00:44] Weighted Error Value: White=0.47/Black=0.44.  Mistake:       	White=1     	Black=8      Inaccurate:     	White=2     	Black=1      OK:         	White=7     	Black=6      Best:        	White=2     	Black=1} 1-0

[Event "Israel-ch Youth U8-18 2024"]
[Site "Kfar Saba"]
[Date "2024.04.19"]
[Round "6.10"]
[White "Gurevich, Neria"]
[Black "Sason, Noam"]
[Result "1-0"]
[ECO "E61"]
[WhiteElo "1844"]
[BlackElo "1903"]
[Annotator "TA"]
[PlyCount "53"]
[EventDate "2024.04.10"]
[EventType "swiss"]
[EventCountry "ISR"]
[SourceTitle "playchess.com"]
[Source "ChessBase"]
[SourceQuality "1"]
[TimeControl "5400+30"]

1. d4 Nf6 2. c4 d6 3. Nc3 e5 4. Nf3 Nbd7 5. d5 g6 6. e4 Bg7 7. Bd3 Nc5 8. Bc2 a5 9. O-O {[%emt 0:04:01] White is slightly better.} O-O 10. Rb1 Ne8 11. a3 f5 12. b4 (12. exf5 $14 gxf5 13. b4) 12... Nxe4 $11 13. Nxe4 fxe4 14. Ng5 Nf6 15. Nxe4 Nxe4 16. Bxe4 Qh4 17. Qc2 Rf5 18. g3 $16 Qe7 19. Be3 (19. bxa5 $16 Rxa5 20. Qd2) 19... Rf8 20. c5 {[%emt 0:06:23] White is more active.} Bf5 {[%emt 0:01:57] Black cannot hold the game after this.} (20... axb4 $14 21. a4 (21. Rxb4 Rxa3 22. Rc1 Rf7 $15) (21. axb4 Bf5 $16) 21... Rf7 (21... Bh3 22. Rfd1 $16)) 21. bxa5 $18 Bxe4 (21... Bc8 $16 22. Rb5 Bf6) 22. Qxe4 Rxa5 23. Rxb7 {[%emt 0:01:55][%cal Bb1b7,Bb7c7,Bc7g7][%mdl 32] Hoping for Bd2.} Rxa3 $2 {[%emt 0:06:42] [#]} (23... dxc5 24. Rfb1 Rf7 25. Rb8+ Bf8) 24. cxd6 $1 Qxd6 25. Rc1 Qa6 {[%emt 0:04:43] ...Rxe3 would now be deadly.} 26. Rbxc7 Qe2 {[%emt 0:02:31] [#]} (26... Re8 $18 27. d6 Qxd6) 27. Rxg7+ $1 {[%emt 0:00:41][%mdl 512] Weighted Error Value: White=0.10 (very precise) /Black=0.74.  Mistake:       	White=2     	Black=5      OK:         	White=7     	Black=5      Best:        	White=2     	---        Strong:       	White=1     	---        Brilliant:      	White=1     	---} 1-0

[Event "Israel-ch Youth U8-18 2024"]
[Site "Kfar Saba"]
[Date "2024.04.19"]
[Round "6.11"]
[White "Shilon Rahav, Eliran"]
[Black "Vardi, Daniel"]
[Result "1/2-1/2"]
[ECO "B24"]
[WhiteElo "2116"]
[BlackElo "1937"]
[Annotator "TA"]
[PlyCount "114"]
[EventDate "2024.04.10"]
[EventType "swiss"]
[EventCountry "ISR"]
[SourceTitle "playchess.com"]
[Source "ChessBase"]
[SourceQuality "1"]
[TimeControl "5400+30"]

1. e4 c5 2. Nc3 e6 3. Nge2 Nc6 4. g3 d5 5. exd5 exd5 6. d4 cxd4 7. Nxd4 Nf6 8. Bg2 Bc5 9. Be3 {[%emt 0:02:47] [#] And now Nxc6 would win.} Nxd4 10. Bxd4 Qe7+ 11. Kf1 O-O 12. Qd2 Bxd4 13. Qxd4 Re8 14. h3 (14. h4 {simplifies} Bf5 15. Nxd5 Nxd5 16. Qxd5 Bxc2 17. Qxb7 Qxb7 18. Bxb7 Rab8 19. Bf3) 14... Bf5 15. Bf3 Bxc2 16. Kg2 Be4 17. Rhe1 Bxf3+ 18. Kxf3 Qd7 19. Kg2 b6 20. g4 h6 21. f4 (21. Rxe8+ $15 Rxe8 22. Rd1) 21... Qd6 ({Better is} 21... Rac8 {White must now prevent ...Rc4.} 22. Rxe8+ Qxe8 (22... Rxe8 23. Rf1 $17)) 22. Re5 $17 Qc5 ({Black should try} 22... Rad8 $17 23. Rd1 Qc6) 23. Rd1 Rad8 (23... Qc6 {feels hotter.} 24. Nxd5 Rad8 25. Kf2 Rxd5 26. Rxd5 Nxd5 27. Qxd5 Qf6) 24. Qxc5 bxc5 25. Nxd5 Nxd5 26. Rdxd5 Rxd5 27. Rxe8+ $11 {[%emt 0:00:04][%mdl 4096] Endgame. KR-KR} (27. Rxd5 $5 Re2+ $8 28. Kg3 $15) 27... Kh7 28. Kf3 Rd3+ 29. Re3 Rd2 30. Re2 Rd3+ 31. Re3 Rd2 32. Rb3 c4 33. Rb7 f6 34. a4 Rd3+ 35. Kg2 Rd2+ 36. Kg3 Rd3+ 37. Kh4 a5 38. f5 Re3 39. Rb5 c3 40. bxc3 Rxc3 41. Rxa5 Rb3 42. Ra7 Rc3 43. a5 Rb3 44. a6 Ra3 45. Ra8 g5+ 46. fxg6+ Kxg6 47. Ra7 Ra4 48. Kg3 Ra3+ 49. Kg2 Ra2+ 50. Kg3 Ra3+ 51. Kg2 Ra2+ 52. Kf1 (52. Kf3 $14) 52... Kg5 {[%emt 0:00:51] The position is equal.} 53. Rg7+ Kh4 54. a7 Kxh3 55. Ke1 Kg3 56. Kd1 Kf4 57. Kc1 f5 {[%emt 0:00:14] Weighted Error Value: White=0.13 (very precise) /Black=0.09 (flawless) .  Mistake:       	White=2     	Black=2      Inaccurate:     	White=3     	Black=3      OK:         	White=16    	Black=25     Best:        	White=1     	Black=3} 1/2-1/2

[Event "Israel-ch Youth U8-18 2024"]
[Site "Kfar Saba"]
[Date "2024.04.19"]
[Round "6.12"]
[White "Aranovski, Maximilian"]
[Black "Cohen, Yisgav"]
[Result "1-0"]
[ECO "A48"]
[WhiteElo "1758"]
[BlackElo "1478"]
[Annotator "NA RC COMBH"]
[PlyCount "139"]
[EventDate "2024.04.10"]
[EventType "swiss"]
[EventCountry "ISR"]
[SourceTitle "playchess.com"]
[Source "ChessBase"]
[SourceQuality "1"]
[TimeControl "5400+30"]

1. d4 Nf6 2. Bf4 g6 3. e3 Bg7 4. Nf3 d6 5. Be2 O-O 6. h3 Nfd7 7. O-O e5 8. Bh2 Nc6 9. c3 f5 10. Nbd2 Nb6 11. dxe5 dxe5 12. Nc4 Nxc4 13. Bxc4+ Kh8 14. Qc2 b6 15. Rad1 Qf6 16. Bd5 Bb7 17. Nxe5 Nxe5 18. Bxe5 Qxe5 19. Bxb7 Rae8 20. Rd5 Qe6 21. Rfd1 Rb8 22. Ba6 c6 23. Rd7 Qxa2 24. Rxa7 Rfd8 25. Bc8 Qg8 26. Rxd8 Qxd8 27. Be6 Qd6 28. Bb3 Re8 29. Qd1 Qxd1+ 30. Bxd1 Rd8 31. Bf3 Be5 32. Rb7 b5 33. Kf1 Rd2 34. Bxc6 Rxb2 35. Bxb5 Bxc3 36. Rc7 Rxb5 37. Rxc3 Kg7 38. Ke2 h5 39. Rc4 Kh6 40. g4 Kg5 41. h4+ Kxh4 42. gxf5+ Kg5 43. fxg6 Kxg6 44. f4 h4 45. Kf3 Kh5 46. Rc8 Kg6 47. Kg4 h3 48. Kxh3 Rb3 49. Re8 Kf5 50. Re5+ Kf6 51. Kg4 Rd3 52. e4 Rd1 53. Ra5 Rg1+ 54. Kf3 Rf1+ 55. Kg3 Rg1+ 56. Kf2 Rg4 57. Ra6+ Ke7 58. Kf3 Rg1 59. f5 Re1 60. Kf4 Rb1 61. Ra5 Rb7 62. Ke5 Rd7 63. f6+ Kf7 64. Kf5 Rd1 65. Ra7+ Kf8 66. e5 Re1 67. Ke6 Kg8 68. f7+ Kg7 69. Ra8 Rf1 70. Rg8+ 1-0

[Event "Israel-ch Youth U8-18 2024"]
[Site "Kfar Saba"]
[Date "2024.04.19"]
[Round "6.13"]
[White "Eshkol, Idan"]
[Black "Ronin, Ilan"]
[Result "0-1"]
[ECO "B35"]
[WhiteElo "1518"]
[BlackElo "1555"]
[Annotator "NA RC COMBH"]
[PlyCount "108"]
[EventDate "2024.04.10"]
[EventType "swiss"]
[EventCountry "ISR"]
[SourceTitle "playchess.com"]
[Source "ChessBase"]
[SourceQuality "1"]
[TimeControl "5400+30"]

1. e4 c5 2. Nf3 Nc6 3. Nc3 g6 4. d4 cxd4 5. Nxd4 Bg7 6. Be3 Nf6 7. Bc4 O-O 8. Bb3 Re8 9. f3 d5 10. Nxd5 Nxd5 11. Bxd5 Nxd4 12. Bxd4 Bxd4 13. Qxd4 e6 14. O-O-O exd5 15. h4 Qe7 16. h5 Qe5 17. Qf2 Qf4+ 18. Kb1 dxe4 19. Rh4 e3 20. Qe1 Qf6 21. Qh1 g5 22. Rb4 h6 23. g3 a5 24. Rb5 Bd7 25. Rc5 Bc6 26. Rxc6 bxc6 27. f4 Rab8 28. b3 e2 29. Re1 Rbd8 30. fxg5 Qxg5 31. a4 Qd5 32. Qxd5 Rxd5 33. Kc1 Rxh5 34. Kd2 Rd5+ 35. Kc1 Rd1+ 36. Rxd1 exd1=Q+ 37. Kxd1 Re3 38. Kd2 Rxg3 39. c3 h5 40. b4 axb4 41. cxb4 Rb3 42. b5 cxb5 43. axb5 Rxb5 44. Ke3 Rg5 45. Kf4 Rg6 46. Kf5 h4 47. Ke5 h3 48. Ke4 h2 49. Kf5 h1=Q 50. Ke5 Qh5+ 51. Kf4 Rg4+ 52. Kf3 Qh3+ 53. Kf2 Rg2+ 54. Kf1 Qh1# 0-1

[Event "Israel-ch Youth U8-18 2024"]
[Site "Kfar Saba"]
[Date "2024.04.19"]
[Round "6.14"]
[White "Roth, Elai"]
[Black "Hochman, Gur"]
[Result "1-0"]
[ECO "C16"]
[WhiteElo "1537"]
[BlackElo "1629"]
[Annotator "NA RC COMBH"]
[PlyCount "135"]
[EventDate "2024.04.10"]
[EventType "swiss"]
[EventCountry "ISR"]
[SourceTitle "playchess.com"]
[Source "ChessBase"]
[SourceQuality "1"]
[TimeControl "5400+30"]

1. e4 e6 2. d4 d5 3. Nc3 Bb4 4. e5 Qd7 5. f4 Ne7 6. Nf3 b6 7. Bd3 Ba6 8. Bxa6 Nxa6 9. O-O Nb8 10. Ne2 Nf5 11. c3 Be7 12. Bd2 c5 13. Rc1 Nc6 14. Qa4 a6 15. dxc5 Bxc5+ 16. Kh1 O-O 17. Qd1 b5 18. b4 Bb6 19. Rc2 a5 20. Qc1 Qa7 21. Rb2 a4 22. a3 Be3 23. Re1 Bxd2 24. Rxd2 Ne3 25. Ned4 Nxd4 26. Rxd4 Nc4 27. Nd2 Rac8 28. Nxc4 Rxc4 29. Rxc4 bxc4 30. Qe3 Qxe3 31. Rxe3 Rd8 32. Re2 d4 33. Rd2 Kf8 34. Kg1 Ke7 35. cxd4 Kd7 36. Rc2 Rc8 37. Kf2 Rc7 38. Ke3 Kc8 39. Kd2 Kb7 40. Kc3 Kb6 41. Rb2 Kb5 42. g4 Rc6 43. Rf2 g6 44. g5 Rc8 45. Rf3 f5 46. exf6 Rc7 47. Re3 h6 48. Rxe6 hxg5 49. fxg5 Rh7 50. Re3 Rxh2 51. d5 Ra2 52. Kd4 Rf2 53. Ke4 Rf5 54. Rf3 Rxf3 55. Kxf3 c3 56. Ke2 Kc4 57. Kd1 Kb3 58. Kc1 Kxa3 59. f7 Kb3 60. f8=Q a3 61. Qf2 a2 62. Qc2+ Kc4 63. Qxa2+ Kb5 64. Qb3 Kb6 65. Qxc3 Kb7 66. Qc6+ Ka7 67. Qb5 Ka8 68. Kc2 1-0

[Event "Israel-ch Youth U8-18 2024"]
[Site "Kfar Saba"]
[Date "2024.04.19"]
[Round "6.15"]
[White "Ben Aharon, Eitan"]
[Black "Cohen, Israel"]
[Result "0-1"]
[ECO "C12"]
[WhiteElo "1471"]
[BlackElo "1763"]
[Annotator "NA RC COMBH"]
[PlyCount "56"]
[EventDate "2024.04.10"]
[EventType "swiss"]
[EventCountry "ISR"]
[SourceTitle "playchess.com"]
[Source "ChessBase"]
[SourceQuality "1"]
[TimeControl "5400+30"]

1. e4 e6 2. d4 d5 3. Nc3 Nf6 4. Bg5 Bb4 5. e5 h6 6. exf6 hxg5 7. fxg7 Rg8 8. Bd3 Qf6 9. Nge2 Qxg7 10. Qd2 Bd7 11. a3 Bd6 12. Nb5 Bxb5 13. Bxb5+ c6 14. Bd3 Nd7 15. c3 Nf8 16. b4 Qf6 17. g3 Qf3 18. O-O-O a5 19. Kb2 Nd7 20. Qc2 b5 21. Nc1 Nb6 22. Nb3 axb4 23. cxb4 Nc4+ 24. Bxc4 bxc4 25. Na5 Kd7 26. Rhe1 Rgb8 27. Re3 Qf6 28. Qa4 Qxf2+ 0-1